 Dungeon Crawl Stone Soup version 0.29-a0-299-g4c793a2ed2 (webtiles) character file.

Game seed: 2904092681013836922

249751 Dabor the Sorcerer (level 19, -13/108 HPs)
             Began as a Deep Elf Conjurer on Mar 24, 2022.
             Was the Champion of Vehumet.
             Mangled by a rockslime (24 damage)
             ... on level 4 of the Pits of Slime.
             The game lasted 03:17:56 (57393 turns).

Dabor the Sorcerer (Deep Elf Conjurer)             Turns: 57393, Time: 03:17:57

Health: -13/108    AC: 10    Str:  6    XL:     19   Next: 28%
Magic:  7/47       EV: 16    Int: 52    God:    Vehumet [******]
Gold:   2219       SH:  0    Dex: 16    Spells: 14/62 levels left

rFire   . . .      SeeInvis .   y - staff of conjuration
rCold   + . .      Faith    .   (no shield)
rNeg    + . .      Spirit   .   U - +4 ring mail of Orthodoxy {rElec Int+5 Dex+3 Slay+3}
rPois   .          Reflect  .   A - +1 helmet {Int+3}
rElec   +          Harm     .   V - +2 cloak {rCorr}
rCorr   +          Rampage  .   q - +0 pair of gloves of Monit {Will++ Int+4}
Will    ++++.                   m - +1 pair of boots
Stlth   ++++......              D - amulet of regeneration
HPRegen 1.08/turn               e - ring of Qazlal's Castigation {Ice rN+ Will+ Int+4}
MPRegen 0.30/turn               o - ring "Ydwedops" {rCorr Int+4}

@: brilliant, about to teleport, corroded
A: fire resistance 1, strong 1
}: 1/15 runes: barnacled
a: Renounce Religion


You were on level 4 of the Pits of Slime.
You worshipped Vehumet.
Vehumet was exalted by your worship.
You visited 7 branches of the dungeon, and saw 35 of its levels.
You also visited: Ossuary and Bailey.

You collected 3234 gold pieces.
You spent 1015 gold pieces at shops.

Inventory:

Hand Weapons
 Y - the +11 arbalest "Ifud" {elec, *Corrode rF++ Will++}
   (You found it on level 3 of the Elven Halls)

   Any ammunition fired from it occasionally discharges a powerful burst of
   electricity upon striking a foe.
   rF:        It greatly protects you from fire.
   *Corrode:  It may corrode you when you take damage.
   Will:      It greatly increases your willpower.
Missiles
 c - a throwing net
Armour
 m - a +1 pair of boots (worn)
 q - the +0 pair of gloves of Monit (worn) {Will++ Int+4}
   (You found it on level 2 of the Elven Halls)

   Int:       It affects your intelligence (+4).
   Will:      It greatly increases your willpower.
 A - a +1 helmet of intelligence (worn)
 U - the +4 ring mail of Orthodoxy (worn) {rElec Int+5 Dex+3 Slay+3}
   (You took it off a deep elf high priest on level 3 of the Elven Halls)

   Int:       It affects your intelligence (+5).
   Dex:       It affects your dexterity (+3).
   Slay:      It affects your accuracy & damage with ranged weapons and melee
   (+3).
   rElec:     It insulates you from electricity.
 V - a +2 cloak of preservation (worn)
 X - a +1 robe of the Archmagi
Magical Staves
 y - a staff of conjuration (weapon)
Jewellery
 e - the ring of Qazlal's Castigation (left hand) {Ice rN+ Will+ Int+4}
   (You took it off a deep elf pyromancer on level 3 of the Elven Halls)

   [ring of ice]

   It enhances your ice magic.
   Int:       It affects your intelligence (+4).
   rF:        It makes you vulnerable to fire.
   rC:        It protects you from cold.
   rN:        It protects you from negative energy.
   Will:      It increases your willpower.
 l - a +4 ring of evasion
 o - the ring "Ydwedops" (right hand) {rCorr Int+4}
   (You acquired it on level 3 of the Shoals)

   [ring of resist corrosion]

   Int:       It affects your intelligence (+4).
   rCorr:     It protects you from acid and corrosion.
 t - a +4 ring of evasion
 v - a ring of willpower
 D - an amulet of regeneration (around neck)
 L - an amulet of reflection
Wands
 g - a wand of iceblast (7)
 n - a wand of polymorph (20)
 r - a wand of charming (10)
 B - a wand of acid (9)
 O - a wand of mindburst (8)
 Q - a wand of paralysis (16)
 R - a wand of digging (9)
Scrolls
 h - 14 scrolls of teleportation
 i - a scroll of enchant weapon
 p - 3 scrolls of silence
 u - a scroll of enchant armour
 C - 4 scrolls of blinking
 E - 3 scrolls of fog
 J - 2 scrolls of magic mapping
 P - 5 scrolls of fear
 Z - 3 scrolls of identify
Potions
 a - 9 potions of heal wounds
 b - 5 potions of magic
 d - 10 potions of curing
 f - 4 potions of haste
 j - 4 potions of cancellation
 k - a potion of mutation
 s - 4 potions of brilliance
 w - 4 potions of berserk rage
 F - 2 potions of invisibility
 H - 3 potions of might
 I - 2 potions of degeneration {unknown}
 K - 2 potions of ambrosia
 M - 3 potions of flight
 N - 4 potions of resistance
Miscellaneous
 T - a box of beasts


   Skills:
 + Level 8.8 Fighting
 + Level 3.4 Armour
 + Level 17.3 Dodging
 + Level 10.6 Stealth
 + Level 22.0 Spellcasting
 + Level 16.1 Conjurations
 - Level 15.5 Hexes
 - Level 4.0 Translocations
 + Level 10.1 Fire Magic
 * Level 5.1 Air Magic
 + Level 10.5 Earth Magic
 - Level 7.0 Poison Magic
 + Level 7.0 Evocations


You had 14 spell levels left.
You knew the following spells:

 Your Spells              Type           Power      Damage    Failure   Level
a - Magic Dart            Conj           100%       1d8       0%          1
b - Searing Ray           Conj           100%       2d8       0%          2
c - Fulminant Prism       Conj/Hex       86%        3d35      0%          4
d - Iskenderun's Mystic   Conj/Tloc      100%       2d19      1%          4
e - Freezing Cloud        Conj/Ice/Air   82%        6-21      1%          5
f - Hailstorm             Conj/Ice       100%       3d20      1%          4
g - Yara's Violent Unrav  Hex/Tmut       59%        3d22      1%          5
h - Ozocubu's Armour      Ice            92%        N/A       2%          3
i - Spellforged Servitor  Conj/Summ      72%        N/A       7%          7
j - Iron Shot             Conj/Erth      82%        9d15      1%          6
k - Iskenderun's Battles  Conj           100%       2d15      1%          5
l - Blink                 Tloc           100%       N/A       1%          2

Your spell library contained the following spells:

 Spells                   Type           Power      Damage    Failure   Level
 Ignition                 Fire           63%        3d17      22%         8
 Chain Lightning          Conj/Air       77%        3d102     92%         9
 Shatter                  Erth           64%        3d48*     93%         9
 Static Discharge         Conj/Air       100%       N/A       0%          2
 Confusing Touch          Hex            100%       N/A       0%          3
 Dazzling Flash           Conj/Hex       100%       N/A       0%          3
 Animate Skeleton         Necr           100%       N/A       1%          1
 Apportation              Tloc           100%       N/A       1%          1
 Beastly Appendage        Tmut           100%       N/A       1%          1
 Summon Small Mammal      Summ           100%       N/A       1%          1
 Corpse Rot               Necr/Air       100%       N/A       1%          2
 Sublimation of Blood     Necr           72%        N/A       1%          2
 Wereblood                Tmut           72%        N/A       1%          2
 Frozen Ramparts          Ice            100%       1d12      1%          3
 Gell's Gravitas          Tloc           99%        N/A       1%          3
 Ignite Poison            Fire/Tmut/Pois 100%       N/A       1%          3
 Lesser Beckoning         Tloc           99%        N/A       1%          3
 Mephitic Cloud           Conj/Pois/Air  100%       N/A       1%          3
 Spider Form              Tmut/Pois      96%        N/A       1%          3
 Teleport Other           Tloc           99%        N/A       1%          3
 Leda's Liquefaction      Hex/Erth       69%        N/A       1%          4
 Olgreb's Toxic Radiance  Pois           100%       N/A       1%          4
 Passage of Golubria      Tloc           99%        N/A       1%          4
 Lightning Bolt           Conj/Air       77%        1d103     1%          5
 Summon Mana Viper        Hex/Summ       100%       N/A       1%          5
 Starburst                Conj/Fire      82%        6d21      1%          6
 Enfeeble                 Hex            72%        N/A       1%          7
 Borgnjor's Vile Clutch   Necr/Erth      53%        N/A       2%          5
 Summon Lightning Spire   Summ/Air       90%        N/A       3%          4
 Manifold Assault         Tloc           99%        N/A       4%          5
 Alistair's Intoxication  Tmut/Pois      64%        N/A       5%          5
 Animate Dead             Necr           36%        N/A       9%          4
 Dispel Undead            Necr           72%        3d24      9%          4
 Ice Form                 Ice/Tmut       92%        N/A       9%          4
 Summon Ice Beast         Ice/Summ       92%        N/A       9%          4
 Eringya's Noxious Bog    Tmut/Pois      48%        N/A       9%          6
 Summon Forest            Summ/Tloc      43%        N/A       10%         5
 Dispersal                Tloc           49%        N/A       24%         6
 Fire Storm               Conj/Fire      82%        8d21      65%         9
 Death Channel            Necr           36%        N/A       77%         6
 Maxwell's Capacitive Co  Air            52%        ∞         82%         8
 Storm Form               Tmut/Air       45%        N/A       94%         7
 Malign Gateway           Summ/Tloc      43%        N/A       97%         7
 Summon Hydra             Summ           36%        N/A       100%        7
 Necromutation            Tmut/Necr      36%        N/A       100%        8


Dungeon Overview and Level Annotations

Branches:
Dungeon (15/15)            Temple (1/1) D:5            Lair (6/6) D:10
 Shoals (4/4) Lair:2       Spider (0/4) Lair:4        Slime (4/5) Lair:6
    Orc (2/2) D:12            Elf (3/3) Orc:2        Vaults (0/5) D:14
 Depths (0/4) D:15        Ossuary (visited)          Bailey (visited)

Altars:
Ashenzari
Cheibriados
Dithmenos
Elyvilon
Fedhas
Gozag
Hepliaklqana
Kikubaaqudgha
Makhleb
Nemelex Xobeh
Okawaru
Qazlal
Ru
Sif Muna
Trog
Uskayaw
Vehumet
Wu Jian
Xom
Yredelemnul
Zin
The Shining One
Beogh

Shops:
Orc:2 ([?*   Elf:1 (

Portals:
Trove: Elf:1 (give +6 ice dragon scales)


Innate Abilities, Weirdness & Mutations

Your flesh is heat resistant. (rF+)
Your muscles are strong. (Str +2)


Message History

The barrage of energy hits the acid blob.
The acid blob is moderately wounded.
Your battlesphere is engulfed in freezing vapours.
The wall burns your battlesphere!
The rockslime is engulfed in freezing vapours.
The acid blob spits acid at you. The splash of acid misses you.
Your spellforged servitor points at the great orb of eyes and mumbles some strange words.
The iron shot hits the great orb of eyes!!!!
The great orb of eyes dies!
Vehumet accepts your kill.
Your battlesphere is engulfed in freezing vapours.
The wall burns your battlesphere!
As you read the scroll of teleportation, it crumbles to dust.
You feel strangely unstable.
Your battlesphere is engulfed in freezing vapours.
The walls burn your battlesphere!
Your battlesphere is engulfed in freezing vapours.
The walls burn your battlesphere! The acid blob spits acid at you.
The splash of acid hits you! You resist. Something hits your battlesphere!!
Your battlesphere is destroyed!
Casting: Iron Shot (mildly dangerous; 1% risk of failure)
Confirm with . or Enter, or press ? or * to list all spells.
You feel a strong surge of power!
You erupt in a blast of force!
The mystic blast hits the rockslime!
The rockslime is moderately wounded.
The rockslime is knocked back by the mystic blast.
The acid blob spits acid at you. The splash of acid hits you. You resist.
The acid corrodes you!
An acid blob comes into view.
You feel better.
The acid blob is engulfed in freezing vapours.
The rockslime hits you!!!
* * * LOW HITPOINT WARNING * * *
You hold your ground!
The acid blob is engulfed in freezing vapours.
Your spellforged servitor points at the acid blob and mumbles some strange words.
The iron shot hits the acid blob!!!
The rockslime hits you!!
You die...

# J .. #.....> ..
#.#.... ...§... ..
...#......# §§§....
.............. .#J.§....
.............. ..§§§....
#.............##........
..#...#.#..##.#.J..J....
#.#...#.#.###..@...9...
##..#.#..#..............
#.....#.......#.###.....
#.....#.......### ....
..........#...## ##.
..........#....#
.................
............#.....
#........#.####.###


You could see 2 acid blobs, a rockslime and a friendly spellforged servitor
(summoned).

Vanquished Creatures
  A titan (Shoals:1)
  3 deep elf master archers (Elf:3)
  5 deep elf blademasters
  9 acid blobs
  Ilsuiw (Shoals:4)
  3 rockslimes
  3 deep elf sorcerers (Elf:3)
  A frost giant (Shoals:1)
  6 deep elf elementalists (Elf:3)
  2 orc warlords
  8 quicksilver oozes
  A stone giant (Shoals:1)
  5 deep elf demonologists
  Nessos (D:12)
  3 deep elf annihilators (Elf:3)
  5 deep elf death magi (Elf:3)
  Snorg (Lair:6)
  2 fire dragons (Lair:6)
  5 merfolk impalers
  5 deep elf high priests (Elf:3)
  4 merfolk javelineers (Shoals:4)
  2 great orbs of eyes
  6 vault guards (D:14)
  2 boulder beetles
  3 centaur warriors
  6 hydras
  2 ogre magi (D:15)
  26 dancing weapons
  7 merfolk aquamancers
  2 merfolk avatars
  A catoblepas (Lair:5)
  A satyr (shapeshifter) (Elf:1)
  13 two-headed ogres
  A satyr (Shoals:4)
  A death yak (Lair:3)
  Urug (D:10)
  2 tengu warriors
  2 orc high priests (Elf:1)
  14 deep elf knights
  Nergalle (Lair:2)
  A skeletal warrior (D:15)
  Amaemon (Orc:1)
  11 sea snakes
  Lodul (D:14)
  A flayed ghost (D:15)
  A swamp dragon (Lair:6)
  A necromancer (D:15)
  25 deep elf pyromancers
  A lindwurm (Lair:6)
  A golden dragon skeleton (D:15)
  20 harpies
  7 deep elf archers
  An oklob plant (Lair:3)
  7 orc knights
  21 deep elf zephyrmancers
  4 shining eyes
  2 nameless horrors
  13 manticores
  4 orc sorcerers (Orc:2)
  Maurice (Orc:2)
  13 fauns
  5 cyclopes
  The ghost of fly the Quickloader, a novice KoHu (D:6)
  5 ugly things
  18 elephants
  8 merfolk sirens
  13 black mambas
  5 water nymphs
  5 torpor snails
  23 cane toads
  Maggie (Lair:2)
  5 gargoyles
  9 komodo dragons
  An orange demon (Orc:1)
  7 rime drakes
  2 kobold demonologists
  2 wind drakes (Shoals:2)
  3 trolls
  4 meliai (D:15)
  3 polar bears
  7 hornets (Lair:6)
  22 merfolk
  4 tyrant leeches (Lair:6)
  Prince Ribbit (D:5)
  Grinder (D:4)
  10 blink frogs
  52 slime creatures
  11 dream sheep
  9 snapping turtles
  A vampire (Bailey)
  3 air elementals
  3 wyverns
  49 yaks
  15 water elementals
  6 wraiths
  5 fire elementals
  6 basilisks
  8 golden eyes
  Grum (D:8)
  7 steam dragons
  3 vampire mosquitoes (D:13)
  5 wargs
  Menkaure (D:5)
  6 acid dragons
  A floating eye (Slime:3)
  Duvessa (D:5)
  17 water moccasins
  Pargi (D:4)
  40 orc warriors
  A swamp drake (Lair:6)
  An ice beast (D:6)
  A sky beast (D:6)
  15 ogres
  3 black bears
  6 centaurs
  17 wolves
  4 phantoms
  4 kobold brigands
  15 bullfrogs
  3 necrophages
  A gnoll sergeant (D:7)
  5 water moccasin zombies (Ossuary)
  2 earth elementals
  A scorpion (D:5)
  12 wights
  Dowan (D:5)
  2 howler monkeys
  8 vampire bats (Bailey)
  7 wolf zombies (Bailey)
  An electric eel (Elf:3)
  2 gnoll shamans (D:5)
  2 hounds
  3 jellies
  29 orc priests
  Jessica (D:3)
  Terence (D:2)
  7 iguanas (Lair:6)
  21 orc wizards
  4 hell rats (Lair:6)
  2 mummies (Ossuary)
  14 gnolls
  8 adders
  2 shadow imps (D:6)
  2 ufetubi
  5 adder zombies (Ossuary)
  A dart slug (D:2)
  87 orcs
  6 endoplasms
  2 giant cockroaches
  2 gnoll zombies (Ossuary)
  10 goblins
  8 hobgoblins
  10 jackals
  31 kobolds
  3 quokkas
  11 ball pythons
  2 bats
  A frilled lizard (D:1)
  3 hobgoblin zombies (Ossuary)
  2 kobold zombies (Ossuary)
  21 orc zombies
  5 rats
  2 butterflies (Lair:1)
1140 creatures vanquished.

Vanquished Creatures (collateral kills)
  A rockslime (Slime:2)
  2 merfolk impalers (Shoals:4)
  2 vault guards (D:14)
  2 great orbs of eyes
  A spriggan skeleton (D:15)
  A boulder beetle (D:14)
  A merfolk avatar (Shoals:4)
  A merfolk aquamancer (Shoals:4)
  2 two-headed ogres (D:14)
  A dancing weapon (Elf:2)
  A skeletal warrior (D:15)
  A deep elf knight (Elf:2)
  A wizard (D:14)
  A sea snake (Shoals:4)
  A deep elf pyromancer (D:14)
  3 ugly things (D:14)
  An orc sorcerer (D:15)
  A shining eye (Slime:3)
  A manticore (Shoals:4)
  A sphinx skeleton (D:15)
  A merfolk siren (Shoals:4)
  A tengu conjurer (D:14)
  2 merfolk (Shoals:4)
  A wind drake (Shoals:4)
  2 meliai (D:15)
  A spriggan zombie (D:15)
  A centaur simulacrum (D:15)
  17 slime creatures
  A water elemental (Shoals:4)
53 creatures vanquished.

Vanquished Creatures (others)
  A merfolk (Shoals:4)
  2 water elementals (D:15)
  An orc (D:15)
  430 fulminant prisms
  30 fungi
  283 plants
  20 withered plants (D:15)
767 creatures vanquished.

Grand Total: 1960 creatures vanquished

Notes
Turn   | Place    | Note
-------+----------+-------------------------------------------
     0 | D:1      | Dabor the Deep Elf Conjurer began the quest for the Orb.
     0 | D:1      | Reached XP level 1. HP: 10/10 MP: 6/6
   159 | D:1      | Reached XP level 2. HP: 15/15 MP: 6/8
   366 | D:1      | Found a faded altar of an unknown god.
  1077 | D:2      | Reached XP level 3. HP: 19/19 MP: 6/10
  1217 | D:2      | Noticed Terence
  1225 | D:2      | Killed Terence
  1477 | D:2      | Reached XP level 4. HP: 24/24 MP: 7/11
  1602 | D:2      | Reached skill level 4 in Spellcasting
  2176 | D:3      | Reached skill level 5 in Conjurations
  2443 | D:3      | Noticed Jessica
  2454 | D:3      | Killed Jessica
  2492 | D:3      | Learned a level 2 spell: Searing Ray
  2817 | D:3      | Found a shadowy altar of Dithmenos.
  3188 | D:4      | Noticed Grinder
  3189 | D:4      | Paralysed by Grinder for 2 turns
  3257 | D:4      | Found a glowing silver altar of Zin.
  3260 | D:4      | Reached XP level 5. HP: 28/28 MP: 10/13
  3542 | D:4      | Noticed Pargi
  3555 | D:4      | HP: 1/28 [Pargi (1)]
  3557 | D:4      | Killed Pargi
  3558 | D:4      | Reached skill level 5 in Spellcasting
  3558 | D:4      | Reached XP level 6. HP: 1/32 MP: 6/15
  3869 | D:4      | Learned a level 4 spell: Fulminant Prism
  4092 | D:4      | Reached skill level 1 in Hexes
  4489 | D:4      | Found an ancient bone altar of Kikubaaqudgha.
  4549 | D:4      | Killed Grinder
  4550 | D:4      | Reached XP level 7. HP: 36/36 MP: 4/17
  4671 | D:5      | Entered Level 5 of the Dungeon
  4677 | D:5      | Reached skill level 5 in Dodging
  4692 | D:5      | Noticed Prince Ribbit
  4764 | D:5      | Killed Prince Ribbit
  4765 | D:5      | Reached skill level 6 in Spellcasting
  4783 | D:5      | Reached skill level 5 in Hexes
  4881 | D:5      | Reached XP level 8. HP: 26/41 MP: 0/19
  5070 | D:5      | Reached skill level 7 in Spellcasting
  5312 | D:5      | Noticed Menkaure
  5318 | D:5      | Killed Menkaure
  5319 | D:5      | Reached skill level 8 in Spellcasting
  5324 | D:5      | Found a sand-covered staircase.
  5329 | Ossuary  | Entered an ossuary
  5568 | Ossuary  | Reached XP level 9. HP: 45/45 MP: 16/23
  6098 | D:5      | Noticed Dowan
  6178 | D:5      | Noticed Duvessa
  6182 | D:5      | Killed Dowan
  6183 | D:5      | Reached skill level 9 in Spellcasting
  6185 | D:5      | Killed Duvessa
  6368 | D:5      | Found a staircase to the Ecumenical Temple.
  6494 | Temple   | Entered the Ecumenical Temple
  6685 | Temple   | Became a worshipper of Vehumet
  6856 | D:6      | Found a runed translucent gate.
  7381 | D:6      | Found a runed translucent gate.
  7381 | D:6      | Found a runed translucent gate.
  7383 | D:6      | Noticed fly's ghost (novice KoHu)
  7392 | D:6      | Reached * piety under Vehumet
  7392 | D:6      | Offered knowledge of Freeze by Vehumet.
  7422 | D:6      | Reached skill level 10 in Spellcasting
  7779 | D:6      | Killed fly's ghost
  7780 | D:6      | Reached XP level 10. HP: 20/50 MP: 8/26
  8918 | D:7      | Reached skill level 10 in Dodging
  9269 | D:7      | Found a broken altar of Ashenzari.
  9449 | D:7      | Reached skill level 11 in Spellcasting
  9552 | D:7      | Found a sparkling altar of Nemelex Xobeh.
  9723 | D:7      | Learned a level 4 spell: Iskenderun's Mystic Blast
  9755 | D:8      | Reached skill level 10 in Conjurations
  9869 | D:8      | Found a flagged portal.
  9890 | D:8      | Reached skill level 5 in Stealth
  9890 | D:8      | Reached skill level 1 in Translocations
  9895 | D:8      | Noticed Grum
 10037 | D:8      | Killed Grum
 10079 | D:8      | Identified the +8 spear of Cyuboess {spect, Dex+6 Stlth+}
 10083 | Bailey   | Entered a bailey
 10270 | Bailey   | Reached ** piety under Vehumet
 10272 | Bailey   | Offered knowledge of Static Discharge by Vehumet.
 10325 | Bailey   | Noticed a gargoyle
 10329 | Bailey   | Killed a gargoyle
 10564 | Bailey   | Offered knowledge of Mephitic Cloud by Vehumet.
 10570 | Bailey   | Learned a level 3 spell: Mephitic Cloud
 10893 | D:8      | Identified the +0 ring mail "Husales" {rPois Regen+ Dex+5
                  | Stlth-}
 10895 | D:8      | Reached *** piety under Vehumet
 10896 | D:8      | Reached skill level 1 in Fighting
 10975 | D:8      | Reached skill level 1 in Poison Magic
 11080 | D:8      | Offered knowledge of Hailstorm by Vehumet.
 11086 | D:8      | Learned a level 4 spell: Hailstorm
 11220 | D:8      | Reached skill level 1 in Air Magic
 11220 | D:8      | Reached skill level 1 in Earth Magic
 11300 | D:8      | Reached XP level 11. HP: 43/56 MP: 21/28
 11680 | D:8      | Noticed a tengu warrior
 11685 | D:8      | Killed a tengu warrior
 12376 | D:9      | Reached **** piety under Vehumet
 12611 | D:9      | Found an ornate altar of the Wu Jian Council.
 12672 | D:9      | Found a basalt altar of Yredelemnul.
 12909 | D:10     | Entered Level 10 of the Dungeon
 12928 | D:10     | Offered knowledge of Ignite Poison by Vehumet.
 12940 | D:10     | Noticed a two-headed ogre
 12940 | D:10     | Killed a two-headed ogre
 13113 | D:10     | Found a staircase to the Lair.
 13344 | D:10     | Noticed Urug
 13353 | D:10     | Killed Urug
 14135 | D:11     | Noticed a deep elf zephyrmancer
 14137 | D:11     | Noticed a deep elf zephyrmancer
 14138 | D:11     | Killed a deep elf zephyrmancer
 14187 | D:11     | Noticed a deep elf pyromancer
 14190 | D:11     | Killed a deep elf pyromancer
 14195 | D:11     | Got the Handbook of Plaster Cramp
 14204 | D:11     | Got Jurig's Papyrus of Axaxaxas mlö
 14205 | D:11     | Noticed a deep elf pyromancer
 14209 | D:11     | Killed a deep elf pyromancer
 14210 | D:11     | Reached skill level 12 in Spellcasting
 14253 | D:11     | Got the Incunabulum of Sand
 14419 | D:11     | Noticed a four-headed hydra
 14424 | D:11     | Killed a four-headed hydra
 14999 | D:11     | Noticed a boulder beetle
 15002 | D:11     | Noticed a five-headed hydra
 15015 | D:11     | Killed a five-headed hydra
 15016 | D:11     | Reached XP level 12. HP: 39/66 MP: 6/30
 15016 | D:11     | Killed a boulder beetle
 15580 | D:12     | Found a staircase to the Orcish Mines.
 15803 | D:12     | Noticed a two-headed ogre
 15808 | D:12     | Killed a two-headed ogre
 15811 | D:12     | Reached ***** piety under Vehumet
 15812 | D:12     | Reached skill level 10 in Hexes
 16028 | D:12     | Offered knowledge of Lightning Bolt by Vehumet.
 16221 | D:12     | Noticed Nessos
 16224 | D:12     | Noticed a boulder beetle
 16226 | D:12     | Killed Nessos
 16388 | D:12     | Killed a boulder beetle
 16601 | Orc:1    | Entered Level 1 of the Orcish Mines
 16607 | Orc:1    | Noticed Amaemon
 16612 | Orc:1    | Reached skill level 5 in Fighting
 16912 | D:12     | Gained mutation: You are somewhat resistant to further
                  | mutation. [potion of mutation]
 16913 | D:12     | Lost mutation: You are somewhat resistant to further
                  | mutation. [potion of mutation]
 16913 | D:12     | Gained mutation: You are covered in fur. (AC +1) [potion of
                  | mutation]
 16913 | D:12     | Gained mutation: Your mind is acute. (Int +2) [potion of
                  | mutation]
 16914 | D:12     | Lost mutation: You are covered in fur. (AC +1) [potion of
                  | mutation]
 16914 | D:12     | Lost mutation: Your mind is acute. (Int +2) [potion of
                  | mutation]
 16914 | D:12     | Gained mutation: You are clumsy. (Dex -2) [potion of
                  | mutation]
 16914 | D:12     | Gained mutation: You expend magic power (3 MP) to
                  | strengthen your wands. [potion of mutation]
 16915 | D:12     | Lost mutation: You are clumsy. (Dex -2) [potion of
                  | mutation]
 16915 | D:12     | Lost mutation: You expend magic power (3 MP) to strengthen
                  | your wands. [potion of mutation]
 16915 | D:12     | Gained mutation: Your magical capacity is low. (-10% MP)
                  | [potion of mutation]
 16915 | D:12     | Gained mutation: Your system is resistant to poisons.
                  | (rPois) [potion of mutation]
 16963 | Lair:1   | Entered Level 1 of the Lair of Beasts
 17267 | Lair:1   | Learned a level 5 spell: Yara's Violent Unravelling
 17271 | Lair:1   | Learned a level 3 spell: Ozocubu's Armour
 17831 | Lair:1   | Reached skill level 1 in Fire Magic
 17831 | Lair:1   | Reached skill level 1 in Evocations
 17933 | Lair:2   | Noticed Nergalle
 17940 | Lair:2   | Killed Nergalle
 17945 | Lair:2   | Reached skill level 13 in Spellcasting
 18193 | Lair:2   | Reached XP level 13. HP: 72/72 MP: 14/29
 19022 | Lair:2   | Found a staircase to the Shoals.
 19049 | Lair:2   | Identified the +0 cloak "Imaor" {Harm rElec Stlth-}
 19510 | Lair:2   | Noticed Maggie
 19516 | Lair:2   | Killed Maggie
 19523 | Lair:2   | Identified the +2 mace of the Common Good {elec, +Blink
                  | Str+4 Dex-4}
 19637 | Lair:2   | Offered knowledge of Olgreb's Toxic Radiance by Vehumet.
 19643 | Lair:2   | Learned a level 4 spell: Olgreb's Toxic Radiance
 21388 | Lair:3   | Found an ornate altar of the Wu Jian Council.
 22364 | Lair:3   | Learned a level 6 spell: Iron Shot
 22587 | Lair:4   | Found a hole to the Spider Nest.
 23000 | Lair:4   | Reached XP level 14. HP: 80/80 MP: 24/30
 24494 | Lair:5   | Offered knowledge of Freezing Cloud by Vehumet.
 24528 | Lair:4   | Learned a level 5 spell: Freezing Cloud
 24899 | Lair:5   | Reached skill level 5 in Poison Magic
 25472 | Lair:6   | Entered Level 6 of the Lair of Beasts
 25482 | Lair:6   | Reached skill level 14 in Spellcasting
 25501 | Lair:6   | Noticed Snorg
 25510 | Lair:6   | Killed Snorg
 25928 | Lair:6   | Found a staircase to the Slime Pits.
 26564 | Lair:6   | Found a runed translucent door.
 27267 | Lair:6   | Reached skill level 5 in Evocations
 27470 | Lair:6   | Identified the amulet "Wyjyog" {RegenMP Harm rC- rN+}
 28001 | Lair:6   | Identified the +5 leather armour of Failure {Int+3 Dex+3}
 28263 | Orc:1    | Killed Amaemon
 28582 | Orc:2    | Entered Level 2 of the Orcish Mines
 28600 | Orc:2    | Offered knowledge of Ozocubu's Refrigeration by Vehumet.
 28601 | Orc:2    | Reached skill level 5 in Fire Magic
 28817 | Orc:2    | Found a staircase to the Elven Halls.
 28827 | Orc:2    | Noticed Maurice
 28834 | Orc:2    | Killed Maurice
 28835 | Orc:2    | Reached XP level 15. HP: 88/88 MP: 17/32
 30261 | Orc:2    | Found Hett's Magic Scroll Shop.
 30269 | Orc:2    | Bought a scroll of identify for 30 gold pieces
 30269 | Orc:2    | Bought a scroll of identify for 30 gold pieces
 30269 | Orc:2    | Bought a scroll of identify for 30 gold pieces
 30269 | Orc:2    | Bought a scroll of teleportation for 45 gold pieces
 30269 | Orc:2    | Bought a scroll of fear for 52 gold pieces
 30272 | Orc:2    | Bought a scroll of fear for 52 gold pieces
 30272 | Orc:2    | Bought a scroll of identify for 30 gold pieces
 30361 | Orc:2    | Noticed an orc warlord
 30372 | Orc:2    | Killed an orc warlord
 31047 | Orc:2    | Found Ujihipos's Antique Weapon Shoppe.
 31051 | Orc:2    | Found Ofam's Antique Armour Emporium.
 31070 | Orc:2    | Bought an embroidered scarf for 200 gold pieces
 31363 | Orc:2    | Found Sodutiv's General Store.
 31371 | Orc:2    | Bought a book of Power for 546 gold pieces
 31377 | Orc:2    | Learned a level 5 spell: Iskenderun's Battlesphere
 31497 | Shoals:1 | Entered Level 1 of the Shoals
 31875 | Shoals:1 | Offered knowledge of Starburst by Vehumet.
 31948 | Shoals:1 | Reached skill level 15 in Spellcasting
 32364 | Shoals:1 | Noticed a titan
 32366 | Shoals:1 | Noticed a frost giant
 32373 | Shoals:1 | Killed a frost giant
 32444 | Shoals:1 | Killed a titan
 32917 | Shoals:1 | Lost mutation: Your magical capacity is low. (-10% MP)
                  | [potion of mutation]
 32917 | Shoals:1 | Lost mutation: Your system is resistant to poisons. (rPois)
                  | [potion of mutation]
 32917 | Shoals:1 | Gained mutation: You tend to lose your temper in combat.
                  | [potion of mutation]
 32918 | Shoals:1 | Lost mutation: You tend to lose your temper in combat.
                  | [potion of mutation]
 32918 | Shoals:1 | Gained mutation: Your muscles are strong. (Str +2) [potion
                  | of mutation]
 32918 | Shoals:1 | Gained mutation: You have hidden genetic defects. [potion
                  | of mutation]
 32918 | Shoals:1 | Gained mutation: You are robust. (+10% HP) [potion of
                  | mutation]
 33100 | Shoals:2 | Reached skill level 5 in Earth Magic
 34445 | Shoals:2 | Gained mutation: Your body sometimes deteriorates upon
                  | taking damage. [hidden defects]
 35095 | Shoals:3 | Reached skill level 16 in Spellcasting
 36029 | Shoals:4 | Entered Level 4 of the Shoals
 36036 | Shoals:4 | Gained mutation: Your body often deteriorates upon taking
                  | damage. [hidden defects]
 36036 | Shoals:4 | Lost mutation: You have hidden genetic defects. [hidden
                  | defects expressed]
 36273 | Shoals:4 | Noticed Ilsuiw
 36277 | Shoals:4 | Reached XP level 16. HP: 94/102 MP: 30/38
 36876 | Shoals:4 | Offered knowledge of Orb of Destruction by Vehumet.
 36877 | Shoals:4 | Reached skill level 15 in Conjurations
 37213 | Shoals:3 | Identified a scroll of acquirement
 37214 | Shoals:3 | Acquired the ring "Ydwedops" {rCorr Int+4}
 38260 | Elf:1    | Entered Level 1 of the Elven Halls
 38270 | Elf:1    | Reached skill level 17 in Spellcasting
 38343 | Elf:1    | Found Navetz's Antique Weapon Emporium.
 38367 | Elf:1    | Found a portal to a secret trove of treasure.
 38388 | Elf:1    | Reached skill level 15 in Hexes
 38584 | Elf:1    | Got the Tome of the Entourage
 39670 | Elf:1    | Lost mutation: Your muscles are strong. (Str +2) [potion of
                  | mutation]
 39670 | Elf:1    | Lost mutation: Your body often deteriorates upon taking
                  | damage. [potion of mutation]
 39670 | Elf:1    | Lost mutation: Your body sometimes deteriorates upon taking
                  | damage. [potion of mutation]
 39670 | Elf:1    | Gained mutation: Your flesh is heat resistant. (rF+)
                  | [potion of mutation]
 39670 | Elf:1    | Gained mutation: Your muscles are strong. (Str +2) [potion
                  | of mutation]
 40609 | Elf:1    | Reached skill level 18 in Spellcasting
 40948 | Elf:2    | Reached skill level 15 in Dodging
 40998 | Elf:2    | Found a runed translucent gate.
 40998 | Elf:2    | Found a runed translucent gate.
 40998 | Elf:2    | Found a runed translucent gate.
 41893 | Elf:2    | Offered knowledge of Lehudib's Crystal Spear by Vehumet.
 42166 | Elf:2    | Noticed a deep elf blademaster
 42173 | Elf:2    | Killed a deep elf blademaster
 42194 | Elf:2    | Reached XP level 17. HP: 99/106 MP: 2/41
 42503 | Elf:2    | Reached skill level 19 in Spellcasting
 43000 | Elf:2    | Identified the +0 pair of gloves of Monit {Will++ Int+4}
 43034 | Elf:3    | Entered Level 3 of the Elven Halls
 43813 | Elf:3    | Paralysed by an air elemental for 1 turns
 44244 | Elf:3    | Identified the ring of Qazlal's Castigation {Ice rN+ Will+
                  | Int+4}
 45375 | Elf:3    | Reached skill level 20 in Spellcasting
 45564 | Elf:3    | Noticed a deep elf master archer
 45567 | Elf:3    | Noticed a Tzitzimitl
 45568 | Elf:3    | Noticed a deep elf blademaster
 45570 | Elf:3    | Killed a deep elf master archer
 45811 | Elf:3    | Noticed a deep elf blademaster
 45816 | Elf:3    | Killed a deep elf blademaster
 45897 | Elf:3    | Killed a deep elf blademaster
 46074 | Elf:3    | Noticed a deep elf master archer
 46078 | Elf:3    | Killed a deep elf master archer
 46079 | Elf:3    | Noticed a deep elf master archer
 46083 | Elf:3    | Killed a deep elf master archer
 46303 | Elf:3    | Identified the +4 ring mail of Orthodoxy {rElec Int+5 Dex+3
                  | Slay+3}
 46307 | Elf:3    | Identified the +6 hand axe of the Sage {freeze, rF+ Will+
                  | MP-9 Str+2}
 46307 | Elf:3    | Identified the +0 plate armour "Pyosaebb" {Harm +Inv}
 46495 | Elf:3    | Learned a level 7 spell: Spellforged Servitor
 46554 | Elf:3    | Noticed a deep elf blademaster
 46557 | Elf:3    | Killed a deep elf blademaster
 46679 | Elf:3    | Reached skill level 21 in Spellcasting
 46708 | Elf:3    | Noticed a deep elf blademaster
 46712 | Elf:3    | Killed a deep elf blademaster
 46885 | Elf:3    | Got Guan Igo's Collected Works on the Escort
 46900 | Elf:3    | Identified the +11 arbalest "Ifud" {elec, *Corrode rF++
                  | Will++}
 46919 | Elf:3    | Learned a level 2 spell: Blink
 46992 | Elf:3    | Identified the +1 robe "Juarph" {rF- Int+3}
 47283 | Elf:3    | Got the Catalogue of Dislocation and Evil Magic
 48955 | D:14     | Reached XP level 18. HP: 113/113 MP: 31/45
 49270 | D:14     | Reached skill level 1 in Armour
 49439 | D:14     | Found a gate to the Vaults.
 49456 | D:14     | Reached ****** piety under Vehumet
 49810 | D:14     | Noticed Lodul
 49813 | D:14     | Killed Lodul
 49945 | D:14     | Found a stormy altar of Qazlal.
 50275 | D:15     | Entered Level 15 of the Dungeon
 50553 | D:15     | Offered knowledge of Shatter by Vehumet.
 50553 | D:15     | Offered knowledge of Chain Lightning by Vehumet.
 50553 | D:15     | Offered knowledge of Ignition by Vehumet.
 51135 | D:15     | Found a broken altar of Ashenzari.
 51438 | D:15     | Found a staircase to the Depths.
 52355 | Shoals:4 | Reached skill level 10 in Earth Magic
 53205 | Shoals:4 | Killed Ilsuiw
 53442 | Shoals:4 | Got a barnacled rune of Zot
 53910 | Slime:1  | Entered Level 1 of the Pits of Slime
 53926 | Slime:1  | Reached skill level 10 in Stealth
 54613 | Slime:2  | Lost mutation: You are robust. (+10% HP) [a shining eye]
 55577 | Slime:3  | Reached XP level 19. HP: 98/108 MP: 20/46
 55642 | Slime:3  | Paralysed by a floating eye for 4 turns
 56036 | Slime:3  | Reached skill level 22 in Spellcasting
 56445 | Slime:2  | Reached skill level 10 in Fire Magic
 57382 | Slime:4  | Reached skill level 5 in Air Magic
 57393 | Slime:4  | Mangled by a rockslime

Illustrated notes

Levels and vault maps discovered:
D:1:      dpeg_arrival_solitude, layout_basic,
          dreamdust_ecumenical_altar_angels_and_demons, minivault_19,
          minmay_misc_feat_four_crosses, serial_bayou_lagoon_a
D:2:      layout_loops_ring, grunt_ministairs_14, uniq_terence
D:3:      layout_loops_ring, nicolae_dithmenos_through_a_glass_darkly,
          mrwooster_statue_mirror, uniq_jessica
D:4:      layout_rooms, mainiacjoe_overflow_tiny_flanked, kennysheep_mini_moat,
          uniq_pargi, uniq_grinder
D:5:      kennysheep_spiral_hall, layout_loops_ring, temple_doors_ab,
          enter_ossuary_2, nicolae_grassy_gnolls, uniq_prince_ribbit1,
          uniq_duvessa, uniq_menkaure
D:6:      layout_rooms, ebering_ghost_rock_garden, serial_corexii_hall,
          chequers_hall_statues_corner_a, corexii_hall_statues_s,
          corexii_hall_statues_i, corexii_hall_statues_l, kennysheep_flooded_box
D:7:      layout_loops_ring, old_standard_altar, kennysheep_little_box
D:8:      layout_basic, enter_bailey_2, serial_curves, eino_curves_03,
          eino_curves_01, minmay_the_grid_2x2 [minmay_the_grid_odd_star,
          minmay_the_grid_dragon_a, minmay_the_grid_empty,
          minmay_the_grid_prize_big_room], uniq_grum
D:9:      layout_roguey, nicolae_wu_jian_immortal_techniques,
          mainiacjoe_overflow_small_starburst
D:10:     layout_basic, erik_lair_orcish_takeover, uniq_urug
D:11:     layout_irregular_city, bh_hangedman_babel_library
D:12:     layout_small_grid, david_orc_3, uniq_nessos
D:13:     layout_irregular_city, dk_noncrumbling_4
D:14:     layout_loops_ring, erik_vaults_2, nicolae_qazlal_eye_of_the_storm,
          uniq_lodul
D:15:     gammafunk_depths_entry_grave, layout_basic,
          cheibrodos_ashenzari_chains, chequers_serial_rivers_marsh,
          lemuel_freeze_loot_1
Temple:   bh_familiar_temple
Lair:1:   layout_roguey, lemuel_fruit_fields
Lair:2:   layout_loops_ring, elwin_shoals_entry_rocks, serial_bayou_shore_a,
          grunt_megastairs_1, uniq_nergalle, uniq_maggie
Lair:3:   nzn_winding_woodlands_stair_cross
          [nzn_winding_woodlands_5x15_pathside_ponds,
          nzn_winding_woodlands_center_lodge, nzn_winding_woodlands_5x15_zeroes,
          nzn_winding_woodlands_hourglass,
          nzn_winding_woodlands_5x5_closed_star,
          nzn_winding_woodlands_5x15_lazy_stream,
          nzn_winding_woodlands_center_triple_pond,
          nzn_winding_woodlands_5x15_sidewinder], layout_cave_pods, basic_altar
Lair:4:   layout_gridlike, dummy_spider_entry
Lair:5:   layout_small_grid, minivault_27, grunt_megastairs_2,
          serial_bayou_shore_b, serial_bayou_shore_b
Lair:6:   guppyfry_lair_end_dragon, layout_gridlike, wormcave, slime_dummy,
          uniq_snorg
Shoals:1: cheibrodos_shoals_gigantism, layout_shoals,
          nicolae_shoals_aquamancer_cove
Shoals:2: layout_shoals
Shoals:3: layout_shoals
Shoals:4: shoals_end_grunt_garden, layout_shoals, shoal_ilsuiw
Slime:1:  layout_caves
Slime:2:  layout_caves
Slime:3:  layout_caves
Slime:4:  layout_caves, nicolae_slime_round_cave
Orc:1:    layout_caves, mines2_lemuel, uniq_erolcha, uniq_amaemon
Orc:2:    grunt_orc_community_town_hall, layout_diamond_mine,
          grunt_orc_community_big_house_1, grunt_orc_community_big_house_1,
          grunt_orc_community_house_3, grunt_orc_community_house_1,
          grunt_orc_community_house_2, grunt_orc_community_house_3, uniq_maurice
Elf:1:    elf_arrival_002, layout_loops_ring, special_room [special_room_orc],
          enter_trove_0, serial_shops, shop, minmay_elf_demonology
Elf:2:    nicolae_elf_blades_splatter_lattice [nicolae_blade_little_rooms],
          layout_onion_city, amcnicky_mini_corridor_feature, minmay_fountain_box
Elf:3:    minmay_elf_hall_statues, layout_geoelf_castle

Skill      XL: |  1  2  3  4  5  6  7  8  9 10 11 12 13 14 15 16 17 18 19 |
---------------+----------------------------------------------------------+-----
Stealth        | 3 4 5 6 7 8 9 10 | 10.6
Dodging        | 3 4 5 7 9 10 11 12 13 14 15 16 17 | 17.3
Spellcasting   | 4 5 6 8 10 11 12 13 14 16 18 21 22 | 22.0
Conjurations   | 5 6 7 9 10 11 12 13 14 15 16 | 16.1
Hexes          | 3 5 6 7 9 11 12 13 14 15 | 15.5
Translocations | 2 4 |  4.0
Fighting       | 1 3 5 6 7 8 |  8.8
Poison Magic   | 1 3 4 5 7 |  7.0
Air Magic      | 1 3 4 5 |  5.1
Earth Magic    | 1 2 4 6 9 10 | 10.5
Fire Magic     | 1 3 5 6 8 9 10 | 10.1
Evocations     | 1 3 5 6 7 |  7.0
Armour         | 3 |  3.4

Action                   |  1- 3 |  4- 6 |  7- 9 | 10-12 | 13-15 | 16-18 | 19-21 || total
-------------------------+-------+-------+-------+-------+-------+-------+-------++-------
Melee: Staff             |       |       |    17 |     3 |     9 |    10 |       ||    39
       Spear             |       |       |       |    18 |       |       |       ||    18
 Cast: Magic Dart        |    71 |    90 |   122 |   119 |   102 |   279 |     2 ||   785
       Searing Ray       |       |    15 |    52 |    42 |    11 |     1 |       ||   121
       Fulminant Prism   |       |       |     9 |   157 |   230 |    32 |     3 ||   431
       Iskenderun's Myst |       |       |       |    16 |    63 |    88 |     5 ||   172
       Hailstorm         |       |       |       |     9 |    19 |     4 |     2 ||    34
       Mephitic Cloud    |       |       |       |     4 |       |       |       ||     4
       Iron Shot         |       |       |       |       |    60 |   158 |    24 ||   242
       Ozocubu's Armour  |       |       |       |       |     4 |     2 |       ||     6
       Freezing Cloud    |       |       |       |       |    83 |   130 |    15 ||   228
       Olgreb's Toxic Ra |       |       |       |       |     6 |       |       ||     6
       Yara's Violent Un |       |       |       |       |     1 |     2 |       ||     3
       Iskenderun's Batt |       |       |       |       |    43 |    91 |     3 ||   137
       Spellforged Servi |       |       |       |       |       |    31 |     5 ||    36
Evoke: Wand              |       |       |       |     2 |       |       |       ||     2
       Box of beasts     |       |       |       |       |       |     1 |       ||     1
  Use: Potion            |       |     1 |     7 |     7 |     3 |    11 |     2 ||    31
       Scroll            |       |     3 |    10 |     8 |     9 |     6 |     2 ||    38
Armor: Robe              |     1 |     6 |     5 |    12 |    10 |       |       ||    34
       Leather armour    |       |       |       |       |     9 |     5 |       ||    14
       Ring mail         |       |       |       |       |       |     7 |     2 ||     9
Dodge: Dodged            |     7 |    21 |   129 |   142 |    80 |   118 |     1 ||   498
Block: Other             |       |       |       |       |    26 |    18 |       ||    44
       Reflection        |       |       |       |       |     7 |     9 |       ||    16

Table legend: (Time is in decaauts)
 A = Elapsed time spent in this place.
 B = Non-inter-level travel time spent in this place.
 C = Inter-level travel time spent in this place.
 D = Time resting spent in this place.
 E = Time spent auto-exploring this place.
 F = Levels seen in this place.
 G = Mean time per level.
                   A        B        C        D        E       F      G
               +--------+--------+--------+--------+--------+-----+--------+
         Total |  57940 |  53889 |   4051 |  15806 |  29444 |  37 | 1565.9 |
       Dungeon |  19969 |  18452 |   1517 |   3596 |  11666 |  15 | 1331.3 |
        Temple |    213 |    157 |     56 |      0 |    152 |   1 |  213.0 |
          Lair |  11531 |  10323 |   1208 |   2916 |   5965 |   6 | 1921.8 |
        Shoals |   8817 |   8199 |    618 |   3020 |   4031 |   4 | 2204.2 |
    Slime Pits |   3487 |   3373 |    114 |   1938 |    983 |   4 |  871.8 |
  Orcish Mines |   3243 |   3116 |    127 |   1825 |    806 |   2 | 1621.5 |
   Elven Halls |   9407 |   8999 |    408 |   2233 |   5202 |   3 | 3135.7 |
       Ossuary |    569 |    569 |      0 |    190 |    270 |   1 |  569.0 |
        Bailey |    699 |    699 |      0 |     88 |    368 |   1 |  699.0 |
               +--------+--------+--------+--------+--------+-----+--------+

Top non-repeatable levels by time:
   Elf:3: 4494 daAuts
Shoals:3: 3577 daAuts
  Lair:3: 2936 daAuts
   Elf:1: 2595 daAuts
  Lair:6: 2461 daAuts
   Elf:2: 2317 daAuts
Shoals:1: 2083 daAuts
   Orc:2: 2023 daAuts
     D:7: 1880 daAuts
    D:11: 1847 daAuts
  Lair:2: 1816 daAuts
Shoals:2: 1771 daAuts
     D:8: 1701 daAuts
    D:12: 1541 daAuts
    D:14: 1526 daAuts
